 Dungeon Crawl Stone Soup version 0.32-a0-576-g706899e69d (webtiles) character file.

Game seed: 9620848729953968133

4697 BeKind the Fighter (level 10, -19/139 HPs)
             Began as a Minotaur Fighter on Mar 2, 2024.
             Was an Initiate of Gozag.
             Engulfed by a cloud of flame (39 damage)
             ... on level 8 of the Dungeon.
             The game lasted 00:09:45 (6663 turns).

BeKind the Fighter (Minotaur Fighter)               Turns: 6663, Time: 00:09:46

Health: -19/139    AC: 25    Str: 23    XL:     10   Next: 21%
Magic:  9/9        EV:  2    Int:  5    God:    Gozag
Gold:   1054       SH:  6    Dex: 12    Spells: 9/9 levels left

rFire   . . .        a - +0 trident
rCold   . . .        c - +0 buckler
rNeg    + . .        A - melded +1 gold dragon scales
rPois   +            (helmet currently unavailable)
rElec   .            k - melded +0 cloak
rCorr   .            (gloves currently unavailable)
SInv    .            (boots currently unavailable)
Will    +....        u - amulet of regeneration
Stlth   +            m - ring of positive energy
HPRegen 1.23/turn    (no ring)
MPRegen 0.11/turn

%: no passive effects
@: tree-form, gold aura, on berserk cooldown, enlightened, slowed, very slow
A: stationary, stasis, torment immunity, boosted hp, (horns 2), (retaliatory
headbutt)
a: Renounce Religion, Potion Petition, Call Merchant, Bribe Branch


You were on level 8 of the Dungeon.
You worshipped Gozag.
Gozag was most pleased with you.
You were a tree.
You visited 1 branch of the dungeon, and saw 8 of its levels.

You collected 1115 gold pieces.
You paid 61 gold pieces to Gozag.

Inventory:

Hand Weapons
 a - a +0 trident (weapon)
 t - a +2 whip of distortion
Missiles
 F - 3 throwing nets (quivered)
Armour
 b - a +0 scale mail
 c - a +0 buckler (worn)
 k - a +0 cloak (melded)
 A - +1 gold dragon scales (melded)
Jewellery
 m - a ring of positive energy (left branch)
 u - an amulet of regeneration (around neck)
Wands
 j - a wand of charming (12)
 q - a wand of flame (29)
 z - a wand of roots (14)
 I - a wand of polymorph (10)
Scrolls
 e - a scroll of summoning
 h - 3 scrolls of teleportation
 n - a scroll of enchant weapon
 r - a scroll of noise
 s - a scroll of amnesia
 x - 3 scrolls of torment
 C - a scroll of identify
 G - a scroll of revelation
Potions
 d - a potion of cancellation {unknown}
 f - a potion of enlightenment
 i - a potion of degeneration {unknown}
 p - a potion of mutation {unknown}
 v - 2 potions of lignification
 w - 4 potions of curing {unknown}
 E - 2 potions of invisibility {unknown}
 H - a potion of resistance {unknown}


   Skills:
 + Level 9.8 Fighting
 + Level 9.3 Polearms
 + Level 9.7 Armour
 + Level 9.7 Shields


You had 9 spell levels left.
You didn't know any spells.
Your spell library contained the following spells:

 Spells                   Type           Power      Damage    Failure   Level
 Slow                     Hex            0%         N/A       52%         1
 Mercury Vapours          Alch/Air       0%         N/A       67%         2
 Scorch                   Fire           0%         2d5       67%         2
 Confusing Touch          Hex            0%         N/A       88%         3
 Mephitic Cloud           Conj/Alch/Air  0%         N/A       88%         3
 Sigil of Binding         Hex            0%         N/A       88%         3
 Vampiric Draining        Necr           0%         2d6       88%         3
 Flame Wave               Conj/Fire      0%         2d4       99%         4
 Freezing Cloud           Conj/Ice/Air   0%         6-21      100%        5
 Summon Cactus Giant      Summ           0%         N/A       100%        6


Dungeon Overview and Level Annotations

Branches:
Dungeon (8/15)             Temple (0/1) D:5
   Lair: D:8-11

Altars:
Gozag
Kikubaaqudgha
Sif Muna
Vehumet
Xom

Shops:
D:4 =


Innate Abilities, Weirdness & Mutations

You are a tree.
Your roots penetrate the ground, keeping you stationary.
You cannot be teleported.
You are immune to unholy pain and torment.
Your maximum health is greatly increased.
Your equipment is partially melded.
((You have a pair of horns on your head.))
((You reflexively headbutt those who attack you in melee.))


Message History

A bolt of poison appears from out of thin air!
The bolt of poison hits you. You resist. The bolt of poison hits your orc!
Your orc is poisoned.
Your orc dies!
Your orc's corpse dissolves into shadows!
You hear some strange, mumbled words.
A bolt of poison appears from out of thin air!
The bolt of poison hits you. You resist.
As you read the scroll labelled OSTIHELIOMA, it crumbles to dust.
The creatures around you are filled with an inner flame!
It was a scroll of immolation.
You hear some strange, mumbled words.
A bolt of poison appears from out of thin air!
The bolt of poison hits you. You resist.
* * * LOW HITPOINT WARNING * * *
As you read the scroll labelled KEUTUTACIU, it crumbles to dust.
You feel a surge of unholy energy.
Something is bathed in an unholy light!
Flame seeps out of something.
It was a scroll of torment.
Flame seeps out of something.
As you read the scroll labelled TETZOSANANT, it crumbles to dust.
You feel aware of your surroundings.
It was a scroll of revelation.
An ice beast comes into view.
Erica is engulfed in poison gas.
Erica is poisoned.
Flame seeps out of Erica.
Erica hits you but does no damage. Erica grabs you. Erica constricts you.
Erica is engulfed in poison gas.
Erica looks even sicker.
Flame seeps out of Erica.
Erica hits you with a +1 scimitar of flaming.
Erica burns you. Erica constricts you.
The ice beast moves out of view.
You barely miss Erica.
Erica is almost dead.
Reactivating autopickup.
You feel a bit more experienced.
Erica explodes!
The fiery explosion engulfs you!!
* * * LOW HITPOINT WARNING * * *
You feel much better.
You are engulfed in blazing flames.
* * * LOW HITPOINT WARNING * * *
You feel much better.
You are engulfed in blazing flames.
You die...
Your body crumbles into a pile of gold.

#.#...# *##...,,,*** *,* #.#...#
###.####...####*,*
#.#...######.######.####*,*
#.#........#.######.####*,*
#.#....#.###.######..###*,*
#.#....#.###.#######.###*,*******
#.#....#.###.#######....,,,,,,,,,
#.#....#.###.########°○#*,******,
...<.........#§.♣○§°§§☼§,,* *,
##.)...##....#§######§°○,,* *,
...)...'....☼○oo....#.##,,* *,
#......#####○#.####.#.##,,* *,
#.......####.#.#....#.##,,* *,
..##....####.#.#.####.##,,*** *,
####....####.#.#...##..#,,,,* *,
#....####.#.#.#.##..#,,,>* *,
#....# *.....,,,,,,,*,**,****,


There were no monsters in sight!

Vanquished Creatures
  Erica (D:8)
  4 yaks (D:8)
  A wyvern (D:7)
  A water moccasin (D:4)
  Menkaure (D:5)
  A sky beast (D:8)
  2 black bears (D:7)
  An orc warrior (D:7)
  An ogre (D:6)
  2 centaurs
  2 kobold brigands
  7 bullfrogs
  A gnoll sergeant (D:5)
  3 scorpions
  13 wights
  4 electric eels (D:8)
  4 hounds
  3 orc priests
  A bombardier beetle (D:6)
  A sleepcap (D:5)
  Crazy Yiuf (D:4)
  An iguana (D:5)
  10 orc wizards
  Robin (D:2)
  10 adders
  5 gnolls
  A shadow imp (D:5)
  3 ribbon worms
  4 dart slugs
  26 orcs
  6 endoplasms
  3 giant cockroaches
  25 goblins
  15 hobgoblins
  8 jackals
  13 kobolds
  5 quokkas
  10 ball pythons
  13 bats
  4 frilled lizards
  5 rats
223 creatures vanquished.

Notes
Turn   | Place    | Note
-------+----------+-------------------------------------------
     0 | D:1      | BeKind the Minotaur Fighter began the quest for the Orb.
     0 | D:1      | Reached XP level 1. HP: 19/19 MP: 0/0
    24 | D:1      | Reached XP level 2. HP: 27/27 MP: 1/1
    26 | D:1      | Found a faded altar of an unknown god.
   258 | D:1      | Reached XP level 3. HP: 33/33 MP: 2/2
   464 | D:2      | Found an ancient bone altar of Kikubaaqudgha.
   921 | D:2      | Reached XP level 4. HP: 39/40 MP: 3/3
  1034 | D:2      | Noticed Robin
  1073 | D:2      | Killed Robin
  1379 | D:2      | You fall into a shaft and drop 2 floors!
  1701 | D:3      | Reached XP level 5. HP: 47/47 MP: 4/4
  1996 | D:3      | Found a shimmering blue altar of Sif Muna.
  2063 | D:3      | Found a shimmering altar of Xom.
  2171 | D:3      | Reached skill level 5 in Armour
  2171 | D:3      | Reached skill level 5 in Shields
  2174 | D:3      | Reached skill level 5 in Fighting
  2676 | D:4      | Reached XP level 6. HP: 56/56 MP: 5/5
  2795 | D:4      | Found Xyjuwn's Jewellery Shoppe.
  2795 | D:4      | Noticed a water moccasin
  2804 | D:4      | Killed a water moccasin
  2992 | D:4      | Found a runed translucent door.
  2993 | D:4      | Noticed Crazy Yiuf
  3234 | D:4      | Killed Crazy Yiuf
  3235 | D:4      | Reached skill level 5 in Polearms
  3235 | D:4      | Reached XP level 7. HP: 62/62 MP: 6/6
  3271 | D:5      | Entered Level 5 of the Dungeon
  3534 | D:5      | Noticed Menkaure
  3542 | D:5      | Killed Menkaure
  3672 | D:5      | Found an opulent altar of Gozag.
  3779 | D:5      | Became a worshipper of Gozag Ym Sagoz the Greedy
  3982 | D:5      | Found a staircase to the Ecumenical Temple.
  4122 | D:6      | Reached XP level 8. HP: 66/71 MP: 7/7
  4733 | D:6      | Found a radiant altar of Vehumet.
  5157 | D:7      | Reached XP level 9. HP: 75/81 MP: 8/8
  5809 | D:7      | Identified the +8 rapier of Severance {flame, rElec}
  6285 | D:8      | Reached XP level 10. HP: 87/91 MP: 9/9
  6619 | D:8      | Noticed Erica
  6661 | D:8      | Killed Erica
  6662 | D:8      | HP: 4/139 [cloud of flame (25)]
  6663 | D:8      | Engulfed by a cloud of flame

Illustrated notes

Levels and vault maps discovered:
D:1:      lightli_arrival_lavapool, layout_rooms,
          chequers_ecumenical_altar_simple
D:2:      layout_loops_cross, basic_altar, minmay_misc_feat_ornament,
          grunt_ministairs_11, minmay_misc_feat_plants, uniq_robin
D:3:      minmay_skewed_foursquare, layout_loops_ring,
          regret_index_xom_buried_treasure, led_sif_pool,
          minmay_strange_pillars, minmay_goblin_outpost
D:4:      layout_basic, serial_shops, nicolae_shop_crystal,
          uniq_crazy_yiuf_cottage
D:5:      layout_loops_ring, grunt_gozag_breadcrumbs, minmay_temple_entry_fiery,
          uniq_menkaure
D:6:      layout_loops_ring, vehumet_altar_wand_db
D:7:      layout_loops_ring, minivault_5
D:8:      layout_basic, minivault_4, chequers_big_river, lemuel_flamethrower_2,
          uniq_erica, uniq_amaemon

Skill      XL: |  1  2  3  4  5  6  7  8  9 |
---------------+----------------------------+-----
Armour         | 4 5 6 8 9 |  9.7
Shields        | 4 5 6 7 9 |  9.7
Fighting       | 4 5 6 8 9 |  9.8
Polearms       | 3 4 5 6 7 9 |  9.3

Action                     |  1- 3 |  4- 6 |  7- 9 | 10-12 || total
---------------------------+-------+-------+-------+-------++-------
  Melee: Trident           |   107 |   207 |   421 |    74 ||   809
         Headbutt          |    11 |    28 |    73 |     7 ||   119
    Use: Potion            |       |     1 |       |     7 ||     8
         Scroll            |       |       |     8 |     6 ||    14
   Stab: Distracted        |       |       |     1 |       ||     1
 Armour: Scale mail        |    79 |    98 |    97 |       ||   274
         Gold dragon scale |       |       |   188 |    46 ||   234
         Skin              |       |       |       |    34 ||    34
  Dodge: Dodged            |    43 |    59 |    79 |     4 ||   185
  Block: Buckler           |    20 |    41 |    76 |     3 ||   140

Table legend: (Time is in decaauts)
 A = Elapsed time spent in this place.
 B = Non-inter-level travel time spent in this place.
 C = Inter-level travel time spent in this place.
 D = Time resting spent in this place.
 E = Time spent auto-exploring this place.
 F = Levels seen in this place.
 G = Mean time per level.
                   A        B        C        D        E       F      G
               +--------+--------+--------+--------+--------+-----+--------+
         Total |   6705 |   6306 |    399 |      0 |   4812 |   8 |  838.1 |
       Dungeon |   6705 |   6306 |    399 |      0 |   4812 |   8 |  838.1 |
               +--------+--------+--------+--------+--------+-----+--------+

Top non-repeatable levels by time:
     D:2: 1151 daAuts
     D:3: 1041 daAuts
     D:6: 961 daAuts
     D:7: 947 daAuts
     D:5: 826 daAuts
     D:8: 652 daAuts
     D:4: 652 daAuts
     D:1: 472 daAuts
